 Dungeon Crawl Stone Soup version 0.30.1-4-g462c640d31 (webtiles) character file.

Game seed: 3748742709635331481

583 Peloso the Slasher (level 7, 0/61 HPs)
             Began as a Minotaur Fighter on Aug 13, 2023.
             Slain by an iguana (9 damage)
             ... on level 5 of the Dungeon.
             The game lasted 00:05:08 (4242 turns).

Peloso the Slasher (Minotaur Fighter)               Turns: 4242, Time: 00:05:08

Health: 0/61       AC: 12    Str: 24    XL:     7   Next: 14%
Magic:  6/6        EV:  8    Int:  3    God:
Gold:   242        SH:  5    Dex: 14    Spells: 6/6 levels left

rFire   . . .        a - +0 long sword
rCold   . . .        d - +0 buckler
rNeg    . . .        c - +0 chain mail
rPois   .            (helmet restricted)
rElec   .            (no cloak)
rCorr   .            (no gloves)
SInv    .            (no boots)
Will    .....        w - amulet of regeneration Stlth
                     (no ring)
HPRegen 1.10/turn    (no ring)
MPRegen 0.10/turn

%: no passive effects
@: no status effects
A: horns 2, retaliatory headbutt, iridescent scales 1, agile 1, strong 1
a: no special abilities


You were on level 5 of the Dungeon.
You visited 1 branch of the dungeon, and saw 5 of its levels.

You collected 242 gold pieces.

Inventory:

Hand Weapons
 a - a +0 long sword (weapon)
 b - the +9 hammer "Vuomuam" {heavy, rC+}
   (You found it on level 4 of the Dungeon)

   rC:        It protects you from cold.
Missiles
 o - a throwing net (quivered)
Armour
 c - a +0 chain mail (worn)
 d - a +0 buckler (worn)
Jewellery
 w - an amulet of regeneration (around neck)
Wands
 u - a wand of flame (18)
Scrolls
 e - 2 scrolls of identify
 f - a scroll of noise {unknown}
 i - a scroll of magic mapping {unknown}
 j - 2 scrolls of vulnerability {unknown}
 l - 2 scrolls of poison {unknown}
 m - a scroll of teleportation
 n - a scroll of enchant armour
 p - 2 scrolls of fear {unknown}
 r - 2 scrolls of silence {unknown}
 v - 2 scrolls of enchant weapon {unknown}
Potions
 g - a potion of heal wounds
 h - 3 potions of flight {unknown}
 k - a potion of berserk rage {unknown}
 q - 2 potions of might
 s - a potion of mutation
 t - a potion of magic {unknown}
 x - a potion of invisibility {unknown}
 z - a potion of resistance {unknown}


   Skills:
 + Level 5.5 Fighting
 + Level 6.2 Long Blades
 + Level 5.5 Armour
 + Level 1.0 Dodging
 + Level 1.2 Stealth
 + Level 4.8 Shields


You had 6 spell levels left.
You didn't know any spells.
Your spell library contained the following spells:

 Spells                   Type           Power      Damage    Failure   Level
 Cigotuvi's Dreadful Rot  Necr/Pois/Air  0%         N/A       99%         2
 Ignite Poison            Fire/Tmut/Pois 0%         N/A       100%        3
 Portal Projectile        Hex/Tloc       0%         N/A       100%        3
 Tukima's Dance           Hex            0%         N/A       100%        3
 Blade Hands              Tmut           0%         N/A       100%        5
 Freezing Cloud           Conj/Ice/Air   0%         6-21      100%        5


Dungeon Overview and Level Annotations

Branches:
Dungeon (5/15)
 Temple: D:4-7

Altars:
The Shining One


Innate Abilities, Weirdness & Mutations

You have a pair of horns on your head.
You reflexively headbutt those who attack you in melee.
You are partially covered in iridescent scales. (AC +2)
You are agile. (Dex +4, Str/Int -1)
Your muscles are strong. (Str +4, Int/Dex -1)


Message History

The centaur hits you. The centaur closely misses you.
The centaur hits you but does no damage.
The centaur closely misses you.
You hit the centaur but do no damage.
The centaur is lightly wounded.
The centaur hits you but does no damage.
The centaur barely misses you. You block the centaur's attack.
The centaur kicks you but does no damage.
The iguana bites you but does no damage.
You barely miss the centaur.
The centaur is lightly wounded.
You block the centaur's attack. The centaur closely misses you.
The iguana bites you but does no damage.
The centaur hits you but does no damage.
The centaur kicks you.
You slash the centaur!
The centaur is heavily wounded.
The centaur hits you but does no damage.
You block the centaur's attack.
The iguana bites you but does no damage.
You hit the centaur but do no damage. You headbutt the centaur!
The centaur is severely wounded.
The centaur hits you. The centaur kicks you. You block the centaur's attack.
The centaur kicks you but does no damage.
You block the iguana's attack.
You hit the centaur.
The centaur is almost dead.
The centaur hits you but does no damage.
The centaur closely misses you. You block the iguana's attack.
The centaur barely misses you. The centaur kicks you.
You barely miss the centaur.
The centaur is almost dead.
The centaur hits you.
The centaur kicks you but does no damage.
The iguana bites you!
* * * LOW HITPOINT WARNING * * *
You hit the centaur.
You kill the centaur!
The iguana bites you!
You die...

#.. #..
##.#####.# #..
#....l...# #..
#..# #..
###..# #..
#...$# #..
#.#.##
.######..
#.#l#
.........
#.#@# ######..
#.#)# #..
#.#.# #.#
#.#.# #.#
#.#.# #.#
#.#.. #.#
#.### ### #.#
#(#
~~##########.#
#.#
#~~~~~~....#.#


You could see an iguana.

Vanquished Creatures
  Prince Ribbit (D:5)
  A centaur (D:5)
  A scorpion (D:5)
  2 jellies (D:5)
  Crazy Yiuf (D:4)
  3 iguanas (D:4)
  Terence (D:3)
  5 adders
  2 worms
  2 dart slugs (D:1)
  4 orcs (D:3)
  5 bats
  8 endoplasms
  4 giant cockroaches (D:3)
  9 hobgoblins
  8 jackals
  A quokka (D:1)
  5 ball pythons
  3 frilled lizards
  7 goblins
  5 kobolds
  3 rats
81 creatures vanquished.

Notes
Turn   | Place    | Note
-------+----------+-------------------------------------------
     0 | D:1      | Peloso the Minotaur Fighter began the quest for the Orb.
     0 | D:1      | Reached XP level 1. HP: 19/19 MP: 0/0
   171 | D:1      | Reached XP level 2. HP: 27/27 MP: 1/1
   339 | D:1      | Found a faded altar of an unknown god.
   716 | D:1      | Reached XP level 3. HP: 18/33 MP: 2/2
   722 | D:1      | Reached skill level 3 in Long Blades
   939 | D:1      | Gained mutation: You are agile. (Dex +4, Str/Int -1)
                  | [potion of mutation]
   939 | D:1      | Gained mutation: You are partially covered in iridescent
                  | scales. (AC +2) [potion of mutation]
   939 | D:1      | Gained mutation: Your muscles are strong. (Str +4, Int/Dex
                  | -1) [potion of mutation]
  1706 | D:3      | Noticed Terence
  1712 | D:3      | Killed Terence
  1713 | D:3      | Reached XP level 4. HP: 41/41 MP: 3/3
  2700 | D:4      | Found a glowing golden altar of the Shining One.
  3271 | D:4      | Reached XP level 5. HP: 16/47 MP: 4/4
  3272 | D:4      | Reached skill level 4 in Long Blades
  3593 | D:4      | Found a runed translucent door.
  3594 | D:4      | Noticed Crazy Yiuf
  3888 | D:4      | Killed Crazy Yiuf
  3889 | D:4      | Reached skill level 1 in Stealth
  3892 | D:4      | Identified the +9 hammer "Vuomuam" {heavy, rC+}
  4018 | D:5      | Entered Level 5 of the Dungeon
  4066 | D:5      | Reached skill level 5 in Fighting
  4066 | D:5      | Reached XP level 6. HP: 56/56 MP: 5/5
  4087 | D:5      | Reached skill level 5 in Long Blades
  4133 | D:5      | Noticed Prince Ribbit
  4156 | D:5      | Killed Prince Ribbit
  4157 | D:5      | Reached skill level 6 in Long Blades
  4157 | D:5      | Reached skill level 5 in Armour
  4157 | D:5      | Reached skill level 1 in Dodging
  4157 | D:5      | Reached XP level 7. HP: 16/61 MP: 6/6
  4242 | D:5      | Slain by an iguana

Illustrated notes

Levels and vault maps discovered:
D:1:      evilmike_arrival_rings, layout_loops_ring,
          shapermc_ecumenical_altar_mp_ritualfount, serial_park_tiny_2,
          nicolae_concentric_dashed_squares_wild
D:2:      kb_forest_paths, layout_loops_ring
D:3:      layout_basic, uniq_terence
D:4:      layout_layer_cave, tso_metal_star, kennysheep_generic_room_13,
          uniq_crazy_yiuf_cottage
D:5:      layout_loops_ring, temple_doors_e, dreamdust_wishing_well,
          chequers_serial_rivers_small_a, uniq_prince_ribbit1, uniq_eustachio

Skill      XL: |  1  2  3  4  5  6 |
---------------+-------------------+-----
Fighting       | 4 5 |  5.5
Shields        | 4 |  4.8
Armour         | 4 5 |  5.5
Long Blades    | 3 4 6 |  6.2
Stealth        | 1 |  1.2
Dodging        | 1 |  1.0

Action                     |  1- 3 |  4- 6 |  7- 9 || total
---------------------------+-------+-------+-------++-------
  Melee: Long sword        |    90 |    93 |    10 ||   193
         Headbutt          |    10 |    15 |     3 ||    28
    Use: Scroll            |     3 |       |       ||     3
         Potion            |     2 |       |       ||     2
 Armour: Scale mail        |    49 |    14 |       ||    63
         Chain mail        |       |    44 |    13 ||    57
  Dodge: Dodged            |    40 |    47 |     9 ||    96
  Block: Buckler           |    16 |    25 |     7 ||    48
